 Dungeon Crawl Stone Soup version 0.23-a0-303-gfcac5de (webtiles) character file.

118 tsouns the Magician (level 5, -1/31 HPs)
             Began as an Octopode Wanderer on Oct 8, 2018.
             Was a Believer of Elyvilon.
             Slain by Ijyb
             ... wielding a +0 dagger
              (3 damage)
             ... on level 3 of the Dungeon.
             The game lasted 00:07:29 (2637 turns).

tsouns the Magician (Octopode Wanderer)             Turns: 2637, Time: 00:07:29

Health: -1/31      AC:  1    Str: 11    XL:     5   Next: 2%
Magic:  2/11       EV: 12    Int: 15    God:    Elyvilon [**....]
Gold:   178        SH:  0    Dex: 12    Spells: 4/12 levels left

rFire    . . .     SeeInvis .   d - +0 dagger
rCold    . . .     Gourm    .   (no shield)
rNeg     . . .     Faith    .   (helmet restricted)
rPois    .         Spirit   .   (no amulet)
rElec    .         Reflect  .   (no ring)
rCorr    .         Harm     .   (no ring)
MR       .....                  (no ring)
Stlth    +++.......             (no ring)
HPRegen  0.10/turn              (no ring)
MPRegen  0.12/turn              (no ring)
                                (no ring)
                                (no ring)

@: no status effects
A: almost no armour, stealthy swim, amphibious, 8 rings, constrict 8, camouflage
1, gelatinous body 1
a: Lesser Healing, Heal Other, Divine Protection, Renounce Religion


You were on level 3 of the Dungeon.
You worshipped Elyvilon.
Elyvilon was pleased with you.
You were not hungry.

You visited 1 branch of the dungeon, and saw 4 of its levels.

You collected 178 gold pieces.

Inventory:

Hand Weapons
 d - a +0 dagger (weapon)
Missiles
 i - 63 bolts
 l - 42 stones (quivered)
Scrolls
 a - 2 scrolls of random uselessness {unknown}
 h - a scroll of fog {unknown}
 m - 2 scrolls of blinking {unknown}
 n - a scroll of teleportation
Potions
 c - a potion of curing
 e - a potion of haste {unknown}
 g - a potion of lignification {unknown}
 j - a potion of berserk rage {unknown}
 k - 2 potions of heal wounds {unknown}
 o - a potion of cancellation {unknown}
 p - a potion of flight {unknown}
 q - a potion of degeneration {unknown}
Comestibles
 b - 4 chunks of flesh
 f - 4 rations


   Skills:
 - Level 1.0 Throwing
 - Level 1.3 Stealth
 + Level 4.2 Spellcasting
 + Level 3.3 Conjurations
 - Level 2.0 Fire Magic
   Level 2.0 Ice Magic


You had 4 spell levels left.
You knew the following spells:

 Your Spells              Type           Power        Failure   Level  Hunger
a - Magic Dart            Conj           ##..         4%          1    None
b - Call Imp              Summ           #.......     26%         2    ##.....
c - Conjure Flame         Conj/Fire      ##......     19%         3    ###....
d - Blink                 Tloc           N/A          26%         2    ##.....

Your spell library contained the following spells:

 Spells                   Type           Power        Failure   Level  Hunger
 Slow                     Hex            #.......     26%         2    ##.....
 Mephitic Cloud           Conj/Pois/Air  #.......     34%         3    ###....


Dungeon Overview and Level Annotations

Branches:
Dungeon (4/15)
 Temple: D:4-7

Altars:
Elyvilon
The Shining One

Annotations:
D:3 Ijyb


Innate Abilities, Weirdness & Mutations

You cannot wear most types of armour.
You are very stealthy in the water. (Stealth+)
You are amphibious.
You can wear up to eight rings at the same time.
You can use your tentacles to constrict eight enemies at once.
Your skin changes colour to match your surroundings (Stealth+).
Your rubbery body absorbs attacks. (AC +1, EV +1)


Message History

Ijyb hits you with a dagger. The orc completely misses you.
Ijyb hits you but does no damage. The orc hits you.
* * * LOW HITPOINT WARNING * * *
You can move again.
Unknown command.
The orc hits you.
* * * LOW HITPOINT WARNING * * *
Casting: Magic Dart (safe; 4% risk of failure)
Confirm with . or Enter, or press ? or * to list all spells.
Aiming: Magic Dart (safe; 4% risk of failure)
Press: ? - help, Shift-Dir - straight line, f/p - Ijyb
Aim: Ijyb, wielding a dagger and wearing a chain mail (heavily wounded)
The magic dart hits Ijyb.
Ijyb is heavily wounded.
Ijyb hits you with a dagger.
* * * LOW HITPOINT WARNING * * *
You hit Ijyb but do no damage. Your grab misses Ijyb.
Ijyb is heavily wounded.
Ijyb hits you with a dagger.
You die...

###..#...#..#.# ..#..##
.†..........#.###.......
........>........(....(.
#..........÷.#..##.....##
#.##......#..#..##.....#
#.##.....................
#............o.........
#......##..##g###....##
#......##..##@# ..#.#
#.............##......
#.....###.......... .
#..........##......
#.............###..
#.....<......... .
#.#..............
#.......#[...##
#.......#....#


You could see Ijyb and an orc.

Vanquished Creatures
  4 adders (D:2)
  2 oozes (D:2)
  A worm (D:3)
  A dart slug (D:1)
  3 leopard geckos
  7 orcs
  4 giant cockroaches
  2 goblins
  5 hobgoblins
  10 kobolds
  2 quokkas (D:3)
  8 bats
  7 frilled lizards
  4 rats
60 creatures vanquished.

Vanquished Creatures (others)
  A gnoll (D:4)
  2 fungi (D:2)
  12 toadstools (D:2)
15 creatures vanquished.

Grand Total: 75 creatures vanquished

Notes
Turn   | Place    | Note
-------+----------+-------------------------------------------
     0 | D:1      | tsouns the Octopode Wanderer began the quest for the Orb.
     0 | D:1      | tsouns set off with: a scroll of teleportation, a potion of
                  | curing, a +0 dagger, a ration
     0 | D:1      | Reached XP level 1. HP: 11/11 MP: 4/4
     2 | D:1      | Learned a level 1 spell: Magic Dart
   168 | D:1      | Reached XP level 2. HP: 17/17 MP: 3/6
   188 | D:1      | Learned a level 2 spell: Call Imp
  1045 | D:2      | Found a faded altar of an unknown god.
  1050 | D:2      | Reached XP level 3. HP: 19/21 MP: 1/7
  1077 | D:2      | Became a worshipper of Elyvilon the Healer
  1077 | D:2      | Reached * piety under Elyvilon
  1655 | D:1      | Learned a level 3 spell: Conjure Flame
  1658 | D:1      | Learned a level 2 spell: Blink
  1727 | D:2      | Reached XP level 4. HP: 6/27 MP: 0/9
  1920 | D:2      | Found a glowing golden altar of the Shining One.
  2041 | D:3      | Reached skill level 4 in Spellcasting
  2167 | D:3      | Reached ** piety under Elyvilon
  2539 | D:4      | Reached XP level 5. HP: 31/31 MP: 0/11
  2599 | D:3      | Noticed Ijyb
  2615 | D:3      | Paralysed by Ijyb for 5 turns
  2623 | D:3      | Paralysed by Ijyb for 7 turns
  2636 | D:3      | HP: 1/31 [Ijyb/dagger (1)]
  2637 | D:3      | Slain by Ijyb

Vault maps used:
D:1:      dpeg_arrival_rooms_c, roderic_lattice_a, amethyst_killhole
D:2:      cheibrodos_fertilizer, nicolae_overflow_crystal_walls, first_ration,
          chequers_ecumenical_altar_simple
D:3:      elyvilon_altar_1, uniq_ijyb
D:4:      hex_intersection, minivault_26, lemuel_old_faithful

Skill      XL: |  1  2  3  4 |
---------------+-------------+-----
Conjurations   | 2 3 |  3.3
Spellcasting   | 4 |  4.2
Throwing       | |  1.0
Stealth        | |  1.3
Fire Magic     | |  2.0
Ice Magic      | |  2.0

Action                   |  1- 3 |  4- 6 || total
-------------------------+-------+-------++-------
Melee: Dagger            |    45 |    43 ||    88
       Constrict         |    10 |     9 ||    19
       Tentacles         |     6 |     8 ||    14
Throw: Stone             |       |     5 ||     5
 Cast: Magic Dart        |    65 |    52 ||   117
       Conjure Flame     |       |     1 ||     1
  Use: Scroll            |     1 |       ||     1
 Stab: Sleeping          |     1 |     3 ||     4
  Eat: Chunk             |     3 |     3 ||     6
Armor: Skin              |     6 |     5 ||    11
Dodge: Dodged            |    39 |    27 ||    66

Table legend:
 A = Non-vault XP
 B = Vault XP
 C = Vault XP percentage of total XP
 D = Non-vault monster count
 E = Vault monster count
 F = Vault count percentage of total count
                 A         B        C        D         E       F
            +---------+---------+-------+---------+---------+-------
      Total |     151 |      18 |  10.7 |      52 |       8 |  13.3
            +---------+---------+-------+---------+---------+-------
        D:1 |      29 |       0 |   0.0 |      17 |       0 |   0.0
        D:2 |      79 |      18 |  18.6 |      17 |       8 |  32.0
        D:3 |      28 |       0 |   0.0 |      13 |       0 |   0.0
        D:4 |      15 |       0 |   0.0 |       5 |       0 |   0.0
            +---------+---------+-------+---------+---------+-------
